Islanders vs Ducks

Created - February 25, 2024 at 22:22

Goals
1 2 3 OT1 SO T
Islanders 1 0 2 0 1 4
Ducks 3 0 0 0 0 3
Shots
1 2 3 OT1 SO T
Islanders 8 9 7 1 4 25
Ducks 11 4 12 1 4 28

GoalsPenalties
1st period
1. Ducks , Adam Fox 10 (Joe Pavelski 21, Rasmus Dahlin 38) at 0:56
2. Ducks , Mats Zuccarello 13 (Brayden McNabb 11, Ryan McDonagh 15) at 3:33
3. Islanders , Pavel Buchnevich 15 (Connor McDavid 35) at 8:03 (PP)
4. Ducks , Adrian Kempe 20 (Tyson Barrie 21, Zach Hyman 23) at 19:10
Adrian Kempe (ANA) for Tripping (Minor) at 1:13
Rasmus Dahlin (ANA) for Slashing (Minor) at 7:32
Zach Hyman (ANA) for Hooking (Minor) at 16:20
2nd period
No Goal
Juuso Valimaki (NYI) for Holding (Minor) at 6:35
3rd period
5. Islanders , Evgeny Kuznetsov 13 (Jon Marchessault 27, Shea Theodore 31) at 17:33
6. Islanders , Connor McDavid 29 (Jake Guentzel 23, Brent Burns 37) at 18:22 (PP)
Michael Bunting (NYI) for High sticking (Minor) at 3:28
Zach Hyman (ANA) for Hooking (Minor) at 17:52
Overtime #1
No Goal
Shootout
Islanders, Connor McDavid - Shot Misses the Net
Ducks, Jason Robertson - Stopped by Ville Husso
Islanders, Jake Guentzel - Shot Misses the Net
Ducks, Joe Pavelski - Shot Misses the Net
Islanders, Jon Marchessault - Stopped by Frederik Andersen
Ducks, Claude Giroux - Shot Misses the Net
Islanders, Matt Duchene - Goal!
Ducks, Adrian Kempe - Stopped by Ville Husso
Goalie Stats
Ville Husso (NYI), 25 saves from 28 shots - (0.893), W, 27-14-3, 65:00 minutes
Frederik Andersen (ANA), 22 saves from 25 shots - (0.880), OTL, 33-21-5, 65:00 minutes
3 StarsOfficial
1 - Connor McDavid (NYI)
2 - Pavel Buchnevich (NYI)
3 - Adam Fox (ANA)
Referees : Garrett Rank and Conor O'Donnell
Linesman : Shaun Morgan and Ryan Gibbons
Game Note
No Game Note
Finance
Level 1 -- Attendance: 5651 (86.94%) -- Ticket Income $621,610
Level 2 -- Attendance: 5000 (100.00%) -- Ticket Income $375,000
Level 3 -- Attendance: 2600 (100.00%) -- Ticket Income $145,600
Level 4 -- Attendance: 2074 (100.00%) -- Ticket Income $82,960
Luxury Box -- Attendance: 927 (92.70%) -- Ticket Income $184,473
Game was played at the Honda Center.
Total Attendance: 16252 (94.63%)
Total Ticket Income: $1,409,643
Other Income: $352,411
Total Income: $1,762,054



Team Name Goals Shots Shots Attemp Shots Blocked PIM HIT PP PK FO%
Islanders 4256194162 / 4 (50%)053%
Ducks 32858108200 / 2 (0%)247%

Islanders
Player Name POS G A P +/- PIM HIT SHT SB MP PP MP PP SHT PK MP PK SHT FO% FOT
Brent BurnsD0110020025:493:0602:3700% 0
Chandler StephensonC000-1011012:210:0000:45045% 11
Connor McDavidC1120015023:292:2010:00064% 28
Evgeny KuznetsovC101-1021018:452:3900:0000% 0
Jake GuentzelLW0110001023:442:2000:15040% 5
Jean-Gabriel PageauC000000107:530:0002:58140% 10
Jon MarchessaultLW/RW011-1001018:452:3900:00025% 4
Justin HollD0000010317:000:0000:0000% 0
Juuso ValimakiD0000200114:361:5300:0000% 0
Mason MarchmentLW000002104:550:0000:0000% 1
Matt DucheneC000-1022120:452:3910:00054% 26
Michael BuntingLW000-1210011:350:0000:0000% 0
Mikael GranlundC000-1001112:210:0000:4510% 0
Neal PionkD000-2020122:000:0001:2100% 0
Pavel BuchnevichLW1010028023:352:2020:150100% 2
Shayne GostisbehereD000-2001019:541:5311:2100% 0
Shea TheodoreD0110002225:403:0622:3700% 0
Tanner JeannotLW000000007:530:0002:580100% 1
Ducks
Player Name POS G A P +/- PIM HIT SHT SB MP PP MP PP SHT PK MP PK SHT FO% FOT
Adam FoxD1011001128:351:4402:5200% 0
Adrian KempeRW1011215020:222:0700:33050% 2
Brayden McNabbD0111000012:480:0000:0400% 0
Claude GirouxRW0001002123:571:5101:21050% 4
Jason RobertsonLW0001012021:260:0000:3100% 0
Joe PavelskiC0111023125:531:5103:07050% 30
Mats ZuccarelloRW1010003016:350:0000:00043% 14
Michael AmadioRW000100205:060:0000:000100% 4
Moritz SeiderD0000010221:312:1402:0700% 0
Nikolaj EhlersLW000100005:060:0000:0000% 0
Patrick KaneRW000-1000118:091:5103:59027% 11
Phillip DanaultC0001002118:172:0700:27048% 21
Pierre-Luc DuboisLW000-1052011:290:0000:0000% 0
Rasmus DahlinD0111262028:401:4402:4800% 0
Ryan McDonaghD0111012012:440:0000:0000% 0
Tyson BarrieD0110011320:412:1412:0700% 0
Zach HymanLW0111421018:382:0700:0000% 2
Zack MacEwenC000000000:000:0000:0000% 0



Play-by-Play

1st period


0:01 of 1st period - Connor McDavid wins face-off versus Joe Pavelski in neutral zone.
0:35 of 1st period - Icing by Rasmus Dahlin.
0:36 of 1st period - Matt Duchene wins face-off versus Joe Pavelski in Ducks zone.
0:36 of 1st period - Jon Marchessault is hit by Rasmus Dahlin.
0:54 of 1st period - Shot by Joe Pavelski.
0:54 of 1st period - Shot Misses the Net.
0:56 of 1st period - Shot by Adam Fox.
0:56 of 1st period - Goal by Adam Fox - Islanders : 0 - Ducks : 1.
0:57 of 1st period - Phillip Danault wins face-off versus Chandler Stephenson in neutral zone.
1:13 of 1st period - Minor Penalty to Adrian Kempe for Tripping.
1:14 of 1st period - Patrick Kane wins face-off versus Connor McDavid in Ducks zone.
1:25 of 1st period - Shot by Pavel Buchnevich.
1:25 of 1st period - Stopped by Frederik Andersen without a rebound.
1:26 of 1st period - Patrick Kane wins face-off versus Matt Duchene in Ducks zone.
1:26 of 1st period - Patrick Kane is hit by Evgeny Kuznetsov.
1:54 of 1st period - Shot by Evgeny Kuznetsov.
1:54 of 1st period - Shot Misses the Net.
1:56 of 1st period - Shot by Evgeny Kuznetsov.
1:56 of 1st period - Shot Misses the Net.
1:58 of 1st period - Shot by Juuso Valimaki.
1:58 of 1st period - Shot Misses the Net.
2:21 of 1st period - Icing by Jake Guentzel.
2:22 of 1st period - Patrick Kane wins face-off versus Connor McDavid in Islanders zone.
2:22 of 1st period - Patrick Kane is hit by Brent Burns.
2:40 of 1st period - Shot by Connor McDavid.
2:40 of 1st period - Shot Blocked by Tyson Barrie.
2:42 of 1st period - Shot by Brent Burns.
2:42 of 1st period - Shot Misses the Net.
2:44 of 1st period - Shot by Shea Theodore.
2:44 of 1st period - Shot Misses the Net.
2:46 of 1st period - Shot by Brent Burns.
2:46 of 1st period - Shot Blocked by Patrick Kane.
2:48 of 1st period - Shot by Shea Theodore.
2:48 of 1st period - Stopped by Frederik Andersen without a rebound.
2:49 of 1st period - Phillip Danault wins face-off versus Matt Duchene in Ducks zone.
3:31 of 1st period - Shot by Mats Zuccarello.
3:31 of 1st period - Shot Blocked by Mikael Granlund.
3:33 of 1st period - Shot by Mats Zuccarello.
3:33 of 1st period - Goal by Mats Zuccarello - Islanders : 0 - Ducks : 2.
3:34 of 1st period - Connor McDavid wins face-off versus Zach Hyman in neutral zone.
3:36 of 1st period - Off-side.
3:37 of 1st period - Phillip Danault wins face-off versus Jake Guentzel in neutral zone.
4:16 of 1st period - Shot by Connor McDavid.
4:16 of 1st period - Stopped by Frederik Andersen with a rebound.
4:18 of 1st period - Shot by Connor McDavid.
4:18 of 1st period - Shot Blocked by Tyson Barrie.
4:25 of 1st period - Icing by Tyson Barrie.
4:26 of 1st period - Phillip Danault wins face-off versus Jon Marchessault in Ducks zone.
5:19 of 1st period - Icing by Brent Burns.
5:20 of 1st period - Joe Pavelski wins face-off versus Matt Duchene in Islanders zone.
5:40 of 1st period - Shot by Joe Pavelski.
5:40 of 1st period - Shot Blocked by Shea Theodore.
5:56 of 1st period - Shot by Jason Robertson.
5:56 of 1st period - Shot Misses the Net.
5:58 of 1st period - Shot by Claude Giroux.
5:58 of 1st period - Stopped by Ville Husso without a rebound.
5:59 of 1st period - Connor McDavid wins face-off versus Zach Hyman in Islanders zone.
6:10 of 1st period - Adam Fox is hit by Pavel Buchnevich and loses puck.
6:23 of 1st period - Shot by Connor McDavid.
6:23 of 1st period - Stopped by Frederik Andersen without a rebound.
6:24 of 1st period - Chandler Stephenson wins face-off versus Mats Zuccarello in Ducks zone.
6:57 of 1st period - Shot by Pierre-Luc Dubois.
6:57 of 1st period - Shot Misses the Net.
6:59 of 1st period - Shot by Pierre-Luc Dubois.
6:59 of 1st period - Stopped by Ville Husso without a rebound.
7:00 of 1st period - Joe Pavelski wins face-off versus Connor McDavid in Islanders zone.
7:23 of 1st period - Shot by Connor McDavid.
7:23 of 1st period - Shot Misses the Net.
7:32 of 1st period - Minor Penalty to Rasmus Dahlin for Slashing.
7:33 of 1st period - Matt Duchene wins face-off versus Patrick Kane in Ducks zone.
7:59 of 1st period - Shot by Shea Theodore.
7:59 of 1st period - Stopped by Frederik Andersen without a rebound.
8:00 of 1st period - Connor McDavid wins face-off versus Claude Giroux in Ducks zone.
8:03 of 1st period - Shot by Pavel Buchnevich.
8:03 of 1st period - Goal by Pavel Buchnevich - Islanders : 1 - Ducks : 2.
8:04 of 1st period - Adrian Kempe wins face-off versus Jean-Gabriel Pageau in neutral zone.
8:16 of 1st period - Justin Holl is hit by Rasmus Dahlin and loses puck.
9:05 of 1st period - Shea Theodore is hit by Adrian Kempe and loses puck.
9:42 of 1st period - Shot by Claude Giroux.
9:42 of 1st period - Stopped by Ville Husso without a rebound.
9:43 of 1st period - Jon Marchessault wins face-off versus Mats Zuccarello in Islanders zone.
9:50 of 1st period - Shot by Matt Duchene.
9:50 of 1st period - Shot Misses the Net.
10:29 of 1st period - Shot by Mats Zuccarello.
10:29 of 1st period - Stopped by Ville Husso with a rebound.
12:02 of 1st period - Shot by Phillip Danault.
12:02 of 1st period - Shot Misses the Net.
12:17 of 1st period - Icing by Justin Holl.
12:18 of 1st period - Michael Amadio wins face-off versus Chandler Stephenson in Islanders zone.
13:50 of 1st period - Shot by Zach Hyman.
13:50 of 1st period - Shot Misses the Net.
13:52 of 1st period - Shot by Adrian Kempe.
13:52 of 1st period - Stopped by Ville Husso without a rebound.
13:53 of 1st period - Matt Duchene wins face-off versus Joe Pavelski in Islanders zone.
13:53 of 1st period - Matt Duchene is hit by Jason Robertson.
14:07 of 1st period - Shot by Joe Pavelski.
14:07 of 1st period - Shot Blocked by Neal Pionk.
14:09 of 1st period - Shot by Ryan McDonagh.
14:09 of 1st period - Stopped by Ville Husso without a rebound.
14:10 of 1st period - Mats Zuccarello wins face-off versus Jean-Gabriel Pageau in Islanders zone.
14:11 of 1st period - Shot by Patrick Kane.
14:11 of 1st period - Shot Misses the Net.
14:37 of 1st period - Shea Theodore is hit by Pierre-Luc Dubois and loses puck.
14:52 of 1st period - Jean-Gabriel Pageau is hit by Pierre-Luc Dubois and loses puck.
14:56 of 1st period - Icing by Jean-Gabriel Pageau.
14:57 of 1st period - Jean-Gabriel Pageau wins face-off versus Claude Giroux in Islanders zone.
15:08 of 1st period - Rasmus Dahlin is hit by Mason Marchment and loses puck.
16:03 of 1st period - Icing by Neal Pionk.
16:04 of 1st period - Connor McDavid wins face-off versus Phillip Danault in Islanders zone.
16:20 of 1st period - Minor Penalty to Zach Hyman for Hooking.
16:21 of 1st period - Matt Duchene wins face-off versus Joe Pavelski in Ducks zone.
17:19 of 1st period - Shot by Connor McDavid.
17:19 of 1st period - Shot Misses the Net.
17:21 of 1st period - Shot by Shayne Gostisbehere.
17:21 of 1st period - Shot Misses the Net.
17:23 of 1st period - Shot by Connor McDavid.
17:23 of 1st period - Shot Blocked by Adam Fox.
17:34 of 1st period - Shot by Juuso Valimaki.
17:34 of 1st period - Shot Misses the Net.
17:36 of 1st period - Shot by Shayne Gostisbehere.
17:36 of 1st period - Stopped by Frederik Andersen without a rebound.
17:37 of 1st period - Matt Duchene wins face-off versus Patrick Kane in Ducks zone.
17:52 of 1st period - Shot by Matt Duchene.
17:52 of 1st period - Stopped by Frederik Andersen without a rebound.
17:53 of 1st period - Jake Guentzel wins face-off versus Patrick Kane in Ducks zone.
18:05 of 1st period - Jake Guentzel is hit by Rasmus Dahlin and loses puck.
18:54 of 1st period - Shot by Michael Amadio.
18:54 of 1st period - Stopped by Ville Husso without a rebound.
18:55 of 1st period - Phillip Danault wins face-off versus Matt Duchene in Islanders zone.
19:06 of 1st period - Shot by Zach Hyman.
19:06 of 1st period - Shot Misses the Net.
19:08 of 1st period - Shot by Tyson Barrie.
19:08 of 1st period - Shot Misses the Net.
19:10 of 1st period - Shot by Adrian Kempe.
19:10 of 1st period - Goal by Adrian Kempe - Islanders : 1 - Ducks : 3.
19:11 of 1st period - Joe Pavelski wins face-off versus Jean-Gabriel Pageau in neutral zone.
19:19 of 1st period - Icing by Shayne Gostisbehere.
19:20 of 1st period - Joe Pavelski wins face-off versus Mason Marchment in Islanders zone.
19:23 of 1st period - Shot by Rasmus Dahlin.
19:23 of 1st period - Stopped by Ville Husso with a rebound.
19:31 of 1st period - Icing by Joe Pavelski.
19:32 of 1st period - Connor McDavid wins face-off versus Joe Pavelski in Ducks zone.
19:59 of 1st period - Shot by Jake Guentzel.
19:59 of 1st period - Shot Misses the Net.
Goals for this period are 1 for Islanders vs 3 for Ducks.
Shots for this period are 8 for Islanders vs 11 for Ducks.

2nd period


0:01 of 2nd period - Matt Duchene wins face-off versus Joe Pavelski in neutral zone.
0:37 of 2nd period - Brent Burns is hit by Joe Pavelski.
0:40 of 2nd period - Evgeny Kuznetsov is hit by Rasmus Dahlin and loses puck.
0:46 of 2nd period - Icing by Joe Pavelski.
0:47 of 2nd period - Joe Pavelski wins face-off versus Connor McDavid in Ducks zone.
1:54 of 2nd period - Icing by Neal Pionk.
1:55 of 2nd period - Connor McDavid wins face-off versus Mats Zuccarello in Islanders zone.
1:55 of 2nd period - Connor McDavid is hit by Pierre-Luc Dubois.
2:52 of 2nd period - Icing by Shea Theodore.
2:53 of 2nd period - Matt Duchene wins face-off versus Joe Pavelski in Islanders zone.
3:18 of 2nd period - Shot by Joe Pavelski.
3:18 of 2nd period - Stopped by Ville Husso with a rebound.
3:44 of 2nd period - Shot by Chandler Stephenson.
3:44 of 2nd period - Shot Misses the Net.
3:59 of 2nd period - Icing by Adam Fox.
4:00 of 2nd period - Connor McDavid wins face-off versus Joe Pavelski in Ducks zone.
4:01 of 2nd period - Shot by Pavel Buchnevich.
4:01 of 2nd period - Stopped by Frederik Andersen without a rebound.
4:02 of 2nd period - Connor McDavid wins face-off versus Phillip Danault in Ducks zone.
4:25 of 2nd period - Connor McDavid is hit by Zach Hyman and loses puck.
5:05 of 2nd period - Icing by Brayden McNabb.
5:06 of 2nd period - Mats Zuccarello wins face-off versus Matt Duchene in Ducks zone.
5:22 of 2nd period - Brent Burns is hit by Pierre-Luc Dubois and loses puck.
5:36 of 2nd period - Icing by Ryan McDonagh.
5:37 of 2nd period - Mats Zuccarello wins face-off versus Chandler Stephenson in Ducks zone.
5:37 of 2nd period - Mats Zuccarello is hit by Chandler Stephenson.
6:35 of 2nd period - Minor Penalty to Juuso Valimaki for Holding.
6:36 of 2nd period - Tanner Jeannot wins face-off versus Phillip Danault in Islanders zone.
6:43 of 2nd period - Shot by Tyson Barrie.
6:43 of 2nd period - Stopped by Ville Husso without a rebound.
6:44 of 2nd period - Phillip Danault wins face-off versus Jean-Gabriel Pageau in Islanders zone.
6:53 of 2nd period - Shot by Adam Fox.
6:53 of 2nd period - Shot Misses the Net.
7:33 of 2nd period - Shot by Tanner Jeannot.
7:33 of 2nd period - Deflect By Jean-Gabriel Pageau.
7:33 of 2nd period - Stopped by Frederik Andersen without a rebound.
7:34 of 2nd period - Chandler Stephenson wins face-off versus Patrick Kane in Ducks zone.
7:41 of 2nd period - Shot by Mikael Granlund.
7:41 of 2nd period - Stopped by Frederik Andersen without a rebound.
7:42 of 2nd period - Jean-Gabriel Pageau wins face-off versus Patrick Kane in Ducks zone.
8:12 of 2nd period - Joe Pavelski is hit by Brent Burns.
8:16 of 2nd period - Shot by Claude Giroux.
8:16 of 2nd period - Shot Misses the Net.
8:44 of 2nd period - Shot by Jake Guentzel.
8:44 of 2nd period - Stopped by Frederik Andersen without a rebound.
8:45 of 2nd period - Phillip Danault wins face-off versus Matt Duchene in Ducks zone.
8:45 of 2nd period - Phillip Danault is hit by Matt Duchene.
9:30 of 2nd period - Icing by Adam Fox.
9:31 of 2nd period - Connor McDavid wins face-off versus Phillip Danault in Ducks zone.
9:49 of 2nd period - Connor McDavid is hit by Tyson Barrie and loses puck.
9:54 of 2nd period - Shot by Connor McDavid.
9:54 of 2nd period - Stopped by Frederik Andersen with a rebound.
9:58 of 2nd period - Shot by Jake Guentzel.
9:58 of 2nd period - Shot Blocked by Moritz Seider.
10:00 of 2nd period - Shot by Pavel Buchnevich.
10:00 of 2nd period - Shot Misses the Net.
10:02 of 2nd period - Shot by Connor McDavid.
10:02 of 2nd period - Shot Misses the Net.
10:46 of 2nd period - Shot by Chandler Stephenson.
10:46 of 2nd period - Stopped by Frederik Andersen without a rebound.
10:47 of 2nd period - Michael Amadio wins face-off versus Matt Duchene in Ducks zone.
11:31 of 2nd period - Icing by Matt Duchene.
11:32 of 2nd period - Phillip Danault wins face-off versus Matt Duchene in Islanders zone.
11:52 of 2nd period - Adam Fox is hit by Matt Duchene and loses puck.
12:34 of 2nd period - Adam Fox is hit by Pavel Buchnevich and loses puck.
12:40 of 2nd period - Icing by Adam Fox.
12:41 of 2nd period - Phillip Danault wins face-off versus Jean-Gabriel Pageau in Ducks zone.
13:13 of 2nd period - Shot by Jason Robertson.
13:13 of 2nd period - Deflect By Joe Pavelski.
13:13 of 2nd period - Shot Blocked by Juuso Valimaki.
13:21 of 2nd period - Joe Pavelski is hit by Mason Marchment and loses puck.
13:58 of 2nd period - Shot by Chandler Stephenson.
13:58 of 2nd period - Shot Misses the Net.
14:38 of 2nd period - Shot by Patrick Kane.
14:38 of 2nd period - Shot Misses the Net.
14:40 of 2nd period - Shot by Ryan McDonagh.
14:40 of 2nd period - Shot Misses the Net.
14:48 of 2nd period - Shot by Mats Zuccarello.
14:48 of 2nd period - Stopped by Ville Husso without a rebound.
14:49 of 2nd period - Michael Amadio wins face-off versus Connor McDavid in Islanders zone.
15:29 of 2nd period - Shot by Connor McDavid.
15:29 of 2nd period - Deflect By Jake Guentzel.
15:29 of 2nd period - Shot Misses the Net.
16:04 of 2nd period - Shot by Phillip Danault.
16:04 of 2nd period - Shot Blocked by Matt Duchene.
16:09 of 2nd period - Jon Marchessault is hit by Ryan McDonagh and loses puck.
16:12 of 2nd period - Shot by Jon Marchessault.
16:12 of 2nd period - Shot Blocked by Phillip Danault.
16:20 of 2nd period - Shot by Matt Duchene.
16:20 of 2nd period - Stopped by Frederik Andersen without a rebound.
16:21 of 2nd period - Joe Pavelski wins face-off versus Jean-Gabriel Pageau in Ducks zone.
17:27 of 2nd period - Icing by Moritz Seider.
17:28 of 2nd period - Joe Pavelski wins face-off versus Matt Duchene in Ducks zone.
17:28 of 2nd period - Joe Pavelski is hit by Evgeny Kuznetsov.
17:46 of 2nd period - Shot by Jon Marchessault.
17:46 of 2nd period - Stopped by Frederik Andersen without a rebound.
17:47 of 2nd period - Pavel Buchnevich wins face-off versus Phillip Danault in Ducks zone.
17:56 of 2nd period - Shot by Pavel Buchnevich.
17:56 of 2nd period - Stopped by Frederik Andersen with a rebound.
17:58 of 2nd period - Shot by Brent Burns.
17:58 of 2nd period - Deflect By Connor McDavid.
17:58 of 2nd period - Shot Misses the Net.
19:14 of 2nd period - Shot by Pierre-Luc Dubois.
19:14 of 2nd period - Stopped by Ville Husso without a rebound.
19:15 of 2nd period - Michael Amadio wins face-off versus Chandler Stephenson in Islanders zone.
Goals for this period are 0 for Islanders vs 0 for Ducks.
Shots for this period are 9 for Islanders vs 4 for Ducks.

3rd period


0:01 of 3rd period - Connor McDavid wins face-off versus Joe Pavelski in neutral zone.
0:06 of 3rd period - Shot by Jake Guentzel.
0:06 of 3rd period - Shot Misses the Net.
0:08 of 3rd period - Shot by Pavel Buchnevich.
0:08 of 3rd period - Stopped by Frederik Andersen without a rebound.
0:09 of 3rd period - Jake Guentzel wins face-off versus Joe Pavelski in Ducks zone.
0:10 of 3rd period - Shot by Connor McDavid.
0:10 of 3rd period - Shot Misses the Net.
0:12 of 3rd period - Shot by Brent Burns.
0:12 of 3rd period - Shot Blocked by Joe Pavelski.
0:25 of 3rd period - Icing by Adam Fox.
0:26 of 3rd period - Joe Pavelski wins face-off versus Matt Duchene in Ducks zone.
0:37 of 3rd period - Shot by Jon Marchessault.
0:37 of 3rd period - Deflect By Matt Duchene.
0:37 of 3rd period - Shot Misses the Net.
0:46 of 3rd period - Adam Fox is hit by Neal Pionk and loses puck.
1:24 of 3rd period - Icing by Tyson Barrie.
1:25 of 3rd period - Connor McDavid wins face-off versus Mats Zuccarello in Ducks zone.
1:34 of 3rd period - Shot by Connor McDavid.
1:34 of 3rd period - Shot Misses the Net.
1:36 of 3rd period - Shot by Connor McDavid.
1:36 of 3rd period - Stopped by Frederik Andersen without a rebound.
1:37 of 3rd period - Chandler Stephenson wins face-off versus Phillip Danault in Ducks zone.
1:56 of 3rd period - Shot by Adrian Kempe.
1:56 of 3rd period - Stopped by Ville Husso without a rebound.
1:57 of 3rd period - Joe Pavelski wins face-off versus Connor McDavid in Islanders zone.
2:18 of 3rd period - Shot by Jason Robertson.
2:18 of 3rd period - Shot Misses the Net.
2:20 of 3rd period - Shot by Rasmus Dahlin.
2:20 of 3rd period - Shot Misses the Net.
2:28 of 3rd period - Adam Fox is hit by Connor McDavid.
3:12 of 3rd period - Shot by Adrian Kempe.
3:12 of 3rd period - Stopped by Ville Husso without a rebound.
3:13 of 3rd period - Matt Duchene wins face-off versus Mats Zuccarello in Islanders zone.
3:23 of 3rd period - Icing by Mats Zuccarello.
3:24 of 3rd period - Chandler Stephenson wins face-off versus Mats Zuccarello in Ducks zone.
3:25 of 3rd period - Shot by Mikael Granlund.
3:25 of 3rd period - Shot Misses the Net.
3:28 of 3rd period - Minor Penalty to Michael Bunting for High sticking.
3:29 of 3rd period - Jean-Gabriel Pageau wins face-off versus Patrick Kane in Islanders zone.
3:29 of 3rd period - Jean-Gabriel Pageau is hit by Joe Pavelski.
5:38 of 3rd period - Shot by Michael Amadio.
5:38 of 3rd period - Stopped by Ville Husso without a rebound.
5:39 of 3rd period - Mats Zuccarello wins face-off versus Connor McDavid in Islanders zone.
5:39 of 3rd period - Mats Zuccarello is hit by Justin Holl.
5:53 of 3rd period - Shot by Pierre-Luc Dubois.
5:53 of 3rd period - Shot Blocked by Justin Holl.
5:55 of 3rd period - Shot by Rasmus Dahlin.
5:55 of 3rd period - Stopped by Ville Husso without a rebound.
5:56 of 3rd period - Joe Pavelski wins face-off versus Jon Marchessault in Islanders zone.
6:15 of 3rd period - Shot by Joe Pavelski.
6:15 of 3rd period - Stopped by Ville Husso without a rebound.
6:16 of 3rd period - Connor McDavid wins face-off versus Mats Zuccarello in Islanders zone.
6:53 of 3rd period - Neal Pionk is hit by Pierre-Luc Dubois and loses puck.
7:02 of 3rd period - Shot by Pierre-Luc Dubois.
7:02 of 3rd period - Shot Misses the Net.
7:09 of 3rd period - Icing by Shayne Gostisbehere.
7:10 of 3rd period - Joe Pavelski wins face-off versus Connor McDavid in Islanders zone.
7:10 of 3rd period - Joe Pavelski is hit by Neal Pionk.
7:26 of 3rd period - Shot by Jason Robertson.
7:26 of 3rd period - Stopped by Ville Husso without a rebound.
7:27 of 3rd period - Matt Duchene wins face-off versus Adrian Kempe in Islanders zone.
7:27 of 3rd period - Matt Duchene is hit by Zach Hyman.
8:30 of 3rd period - Icing by Shea Theodore.
8:31 of 3rd period - Joe Pavelski wins face-off versus Matt Duchene in Islanders zone.
8:48 of 3rd period - Icing by Brent Burns.
8:49 of 3rd period - Mats Zuccarello wins face-off versus Jon Marchessault in Islanders zone.
8:52 of 3rd period - Shot by Tyson Barrie.
8:52 of 3rd period - Shot Misses the Net.
8:57 of 3rd period - Icing by Evgeny Kuznetsov.
8:58 of 3rd period - Matt Duchene wins face-off versus Joe Pavelski in Islanders zone.
9:42 of 3rd period - Shot by Claude Giroux.
9:42 of 3rd period - Shot Misses the Net.
9:51 of 3rd period - Icing by Pavel Buchnevich.
9:52 of 3rd period - Phillip Danault wins face-off versus Connor McDavid in Islanders zone.
11:10 of 3rd period - Shot by Mats Zuccarello.
11:10 of 3rd period - Shot Misses the Net.
11:12 of 3rd period - Shot by Mats Zuccarello.
11:12 of 3rd period - Deflect By Patrick Kane.
11:12 of 3rd period - Shot Blocked by Justin Holl.
11:14 of 3rd period - Shot by Ryan McDonagh.
11:14 of 3rd period - Stopped by Ville Husso without a rebound.
11:15 of 3rd period - Chandler Stephenson wins face-off versus Joe Pavelski in Islanders zone.
11:22 of 3rd period - Claude Giroux is hit by Michael Bunting and loses puck.
12:31 of 3rd period - Icing by Moritz Seider.
12:32 of 3rd period - Jean-Gabriel Pageau wins face-off versus Mats Zuccarello in Ducks zone.
12:35 of 3rd period - Shot by Mason Marchment.
12:35 of 3rd period - Stopped by Frederik Andersen with a rebound.
13:49 of 3rd period - Jon Marchessault is hit by Rasmus Dahlin and loses puck.
14:13 of 3rd period - Icing by Adrian Kempe.
14:14 of 3rd period - Connor McDavid wins face-off versus Phillip Danault in Ducks zone.
14:23 of 3rd period - Shot by Adrian Kempe.
14:23 of 3rd period - Deflect By Zach Hyman.
14:23 of 3rd period - Stopped by Ville Husso without a rebound.
14:24 of 3rd period - Joe Pavelski wins face-off versus Chandler Stephenson in Islanders zone.
15:40 of 3rd period - Connor McDavid is hit by Moritz Seider and loses puck.
15:51 of 3rd period - Shot by Pavel Buchnevich.
15:51 of 3rd period - Stopped by Frederik Andersen without a rebound.
15:52 of 3rd period - Matt Duchene wins face-off versus Phillip Danault in Ducks zone.
16:09 of 3rd period - Shot by Adrian Kempe.
16:09 of 3rd period - Stopped by Ville Husso with a rebound.
16:11 of 3rd period - Shot by Adrian Kempe.
16:11 of 3rd period - Shot Blocked by Shea Theodore.
16:13 of 3rd period - Shot by Phillip Danault.
16:13 of 3rd period - Stopped by Ville Husso with a rebound.
16:17 of 3rd period - Shot by Zach Hyman.
16:17 of 3rd period - Shot Misses the Net.
16:19 of 3rd period - Shot by Phillip Danault.
16:19 of 3rd period - Stopped by Ville Husso without a rebound.
16:20 of 3rd period - Mats Zuccarello wins face-off versus Jake Guentzel in Islanders zone.
16:25 of 3rd period - Shot by Pierre-Luc Dubois.
16:25 of 3rd period - Shot Blocked by Justin Holl.
17:25 of 3rd period - Shot by Evgeny Kuznetsov.
17:25 of 3rd period - Shot Misses the Net.
17:27 of 3rd period - Shot by Brent Burns.
17:27 of 3rd period - Shot Blocked by Tyson Barrie.
17:31 of 3rd period - Shot by Jon Marchessault.
17:31 of 3rd period - Shot Blocked by Moritz Seider.
17:33 of 3rd period - Shot by Evgeny Kuznetsov.
17:33 of 3rd period - Goal by Evgeny Kuznetsov - Islanders : 2 - Ducks : 3.
17:34 of 3rd period - Claude Giroux wins face-off versus Chandler Stephenson in neutral zone.
17:51 of 3rd period - Shot by Jason Robertson.
17:51 of 3rd period - Deflect By Joe Pavelski.
17:51 of 3rd period - Stopped by Ville Husso without a rebound.
17:52 of 3rd period - Matt Duchene wins face-off versus Phillip Danault in Islanders zone.
17:52 of 3rd period - Minor Penalty to Zach Hyman for Hooking.
17:53 of 3rd period - Pavel Buchnevich wins face-off versus Patrick Kane in Ducks zone.
18:22 of 3rd period - Shot by Connor McDavid.
18:22 of 3rd period - Goal by Connor McDavid - Islanders : 3 - Ducks : 3.
18:23 of 3rd period - Matt Duchene wins face-off versus Phillip Danault in neutral zone.
19:07 of 3rd period - Icing by Justin Holl.
19:08 of 3rd period - Joe Pavelski wins face-off versus Matt Duchene in Islanders zone.
19:27 of 3rd period - Icing by Rasmus Dahlin.
19:28 of 3rd period - Joe Pavelski wins face-off versus Jake Guentzel in Ducks zone.
19:32 of 3rd period - Icing by Rasmus Dahlin.
19:33 of 3rd period - Connor McDavid wins face-off versus Joe Pavelski in Ducks zone.
19:33 of 3rd period - Brent Burns is hit by Rasmus Dahlin and loses puck.
19:38 of 3rd period - Shot by Pavel Buchnevich.
19:38 of 3rd period - Stopped by Frederik Andersen without a rebound.
19:39 of 3rd period - Connor McDavid wins face-off versus Phillip Danault in Ducks zone.
Goals for this period are 2 for Islanders vs 0 for Ducks.
Shots for this period are 7 for Islanders vs 12 for Ducks.

Overtime #1


0:01 of 1st overtime period - Connor McDavid wins face-off versus Joe Pavelski in neutral zone.
0:21 of 1st overtime period - Shot by Joe Pavelski.
0:21 of 1st overtime period - Shot Misses the Net.
0:23 of 1st overtime period - Shot by Jason Robertson.
0:23 of 1st overtime period - Stopped by Ville Husso without a rebound.
0:24 of 1st overtime period - Connor McDavid wins face-off versus Joe Pavelski in Islanders zone.
0:47 of 1st overtime period - Shot by Jason Robertson.
0:47 of 1st overtime period - Shot Misses the Net.
0:57 of 1st overtime period - Shot by Connor McDavid.
0:57 of 1st overtime period - Shot Misses the Net.
1:21 of 1st overtime period - Shot by Pavel Buchnevich.
1:21 of 1st overtime period - Deflect By Matt Duchene.
1:21 of 1st overtime period - Shot Misses the Net.
1:41 of 1st overtime period - Shot by Pavel Buchnevich.
1:41 of 1st overtime period - Stopped by Frederik Andersen without a rebound.
1:42 of 1st overtime period - Claude Giroux wins face-off versus Connor McDavid in Ducks zone.
2:20 of 1st overtime period - Off-side.
2:21 of 1st overtime period - Matt Duchene wins face-off versus Patrick Kane in neutral zone.
2:24 of 1st overtime period - Shot by Pavel Buchnevich.
2:24 of 1st overtime period - Shot Misses the Net.
4:26 of 1st overtime period - Shot by Jake Guentzel.
4:26 of 1st overtime period - Shot Blocked by Claude Giroux.
Goals for this period are 0 for Islanders vs 0 for Ducks.
Shots for this period are 1 for Islanders vs 1 for Ducks.

ShootOut


5:00 of 1st overtime period - Round #1.
5:00 of 1st overtime period - Islanders, Connor McDavid.
5:00 of 1st overtime period - Shot Misses the Net.
5:00 of 1st overtime period - Ducks, Jason Robertson.
5:00 of 1st overtime period - Stopped by Ville Husso.
5:00 of 1st overtime period - Round #2.
5:00 of 1st overtime period - Islanders, Jake Guentzel.
5:00 of 1st overtime period - Shot Misses the Net.
5:00 of 1st overtime period - Ducks, Joe Pavelski.
5:00 of 1st overtime period - Shot Misses the Net.
5:00 of 1st overtime period - Round #3.
5:00 of 1st overtime period - Islanders, Jon Marchessault.
5:00 of 1st overtime period - Stopped by Frederik Andersen.
5:00 of 1st overtime period - Ducks, Claude Giroux.
5:00 of 1st overtime period - Shot Misses the Net.
5:00 of 1st overtime period - Round #4.
5:00 of 1st overtime period - Islanders, Matt Duchene.
5:00 of 1st overtime period - Goal by Matt Duchene.
5:00 of 1st overtime period - Ducks, Adrian Kempe.
5:00 of 1st overtime period - Stopped by Ville Husso.